 Dungeon Crawl Stone Soup version 0.30.0-5-g1a98f26d00 (webtiles) character file.

Game seed: 3265146955084796175

61 Irreverend the Firebug (level 4, 0/24 HPs)
             Began as a Tengu Fire Elementalist on May 9, 2023.
             Slain by a hobgoblin (1 damage)
             ... on level 2 of the Dungeon.
             The game lasted 00:03:35 (1143 turns).

Irreverend the Firebug (Tengu Fire Elementalist)    Turns: 1143, Time: 00:03:36

Health: 0/24       AC:  2    Str:  8    XL:     4   Next: 7%
Magic:  1/8        EV: 12    Int: 17    God:
Gold:   5          SH:  0    Dex: 15    Spells: 4/7 levels left

rFire   . . .        (no weapon)
rCold   . . .        (no shield)
rNeg    . . .        a - +0 robe
rPois   .            (helmet restricted)
rElec   .            (no cloak)
rCorr   .            (no gloves)
SInv    .            (boots unavailable)
Will    .....        (no amulet)
Stlth   ++           (no ring)
HPRegen 0.24/turn    (no ring)
MPRegen 0.11/turn

%: no passive effects
@: no status effects
A: beak, talons 3
a: no special abilities


You were on level 2 of the Dungeon.
You visited 1 branch of the dungeon, and saw 2 of its levels.

You collected 5 gold pieces.

Inventory:

Armour
 a - a +0 robe (worn)
Scrolls
 d - 2 scrolls of immolation {unknown}
 g - a scroll of acquirement {unknown}
Potions
 c - 2 potions of degeneration {unknown}
 e - a potion of heal wounds {unknown}
 f - a potion of flight {unknown}
 h - a potion of might {unknown}


   Skills:
 - Level 2.1 Dodging
 - Level 2.0 Stealth
 - Level 2.0 Spellcasting
 + Level 3.6 Conjurations
 + Level 4.4 Fire Magic


You had 4 spell levels left.
You knew the following spells:

 Your Spells              Type           Power      Damage    Failure   Level
a - Foxfire               Conj/Fire      60%        2x1d7     3%          1
b - Scorch                Fire           32%        2d6       4%          2

Your spell library contained the following spells:

 Spells                   Type           Power      Damage    Failure   Level
 Inner Flame              Hex/Fire       9%         N/A       24%         3
 Volatile Blastmotes      Fire/Tloc      18%        2d11      24%         3
 Flame Wave               Conj/Fire      15%        2d7       36%         4


Dungeon Overview and Level Annotations

Branches:
Dungeon (2/15)

Altars:

Annotations:
D:2 Sigmund


Innate Abilities, Weirdness & Mutations

You have a beak for a mouth.
You have claws for feet.


Message History

Casting: Scorch (safe; 4% risk of failure)
Confirm with . or Enter, or press ? or * to list all spells.
You conjure some foxfire!
Sigmund looks at you with fury.
The foxfire hits Sigmund.
Sigmund is burned terribly!
Sigmund is severely wounded.
The foxfire hits the hobgoblin.
The hobgoblin is heavily wounded.
Sigmund screams, "I am the angel of ZOT!!!"
Sigmund points at you and mumbles some strange words.
You are confused.
You're too confused to move!
Sigmund hits you from afar with a +3 heavy scythe!!
Ouch! That really hurt!
* * * LOW HITPOINT WARNING * * *
The hobgoblin barely misses you.
You closely miss the hobgoblin. Your kick misses the hobgoblin.
The hobgoblin is almost dead.
Sigmund is no longer more vulnerable to fire.
The hobgoblin barely misses you. x2
You bump into the rock wall.
Sigmund closely misses you. The hobgoblin barely misses you.
The hobgoblin misses you. The hobgoblin attacks as you move away!
The hobgoblin barely misses you. The hobgoblin attacks as you move away!
The hobgoblin closely misses you.
You're too confused to cast spells.
The hobgoblin attacks as you move away! The hobgoblin barely misses you.
The hobgoblin attacks as you move away! The hobgoblin barely misses you.
You're too confused to cast spells.
You feel less confused. The hobgoblin barely misses you.
The hobgoblin attacks as you move away! The hobgoblin misses you.
The hobgoblin hits you.
* * * LOW HITPOINT WARNING * * *
Casting: Foxfire (safe; 3% risk of failure)
Confirm with . or Enter, or press ? or * to list all spells.
There is not enough space to conjure foxfire!
You closely miss the hobgoblin. Your peck misses the hobgoblin.
The hobgoblin is heavily wounded.
The hobgoblin hits you.
You die...

#...@.# #######
##.###.# ###
.......###...##.##
..#
...............†.+
..#
........#....##.##
..#
..................
..##
................#+#
...#
##+###.g##.###...
.#.# #####.# #.g@#.#
#...
.#.###.....#######!#
.. (#.#>........ ..
.#.#.#....# #
.#.#....(.#
.#........####
....##.##....#
.##.##....##.#
.........###.##


You could see 2 hobgoblins.

Vanquished Creatures
  Jessica (D:2)
  A worm (D:2)
  A ball python (D:1)
  3 bats
  2 endoplasms
  3 giant cockroaches (D:1)
  4 goblins
  3 hobgoblins
  3 jackals (D:1)
  2 quokkas
  3 kobolds (D:1)
  4 rats
30 creatures vanquished.

Vanquished Creatures (others)
  73 foxfires
73 creatures vanquished.

Grand Total: 103 creatures vanquished

Notes
Turn   | Place    | Note
-------+----------+-------------------------------------------
     0 | D:1      | Irreverend the Tengu Fire Elementalist began the quest for
                  | the Orb.
     0 | D:1      | Reached XP level 1. HP: 10/10 MP: 4/4
   267 | D:1      | Reached XP level 2. HP: 12/15 MP: 3/6
   318 | D:1      | Learned a level 2 spell: Scorch
   825 | D:1      | Reached XP level 3. HP: 19/19 MP: 4/7
   875 | D:2      | Reached skill level 4 in Fire Magic
  1111 | D:2      | Noticed Jessica
  1111 | D:2      | Noticed Sigmund
  1120 | D:2      | Killed Jessica
  1121 | D:2      | Reached XP level 4. HP: 16/24 MP: 1/8
  1142 | D:2      | HP: 1/24 [hobgoblin (3)]
  1143 | D:2      | Slain by a hobgoblin

Illustrated notes

Levels and vault maps discovered:
D:1:      ldierk_walled_garden, layout_basic
D:2:      layout_basic, basic_altar, uniq_jessica, uniq_sigmund

Skill      XL: |  1  2  3 |
---------------+----------+-----
Conjurations   | 2 3 |  3.6
Fire Magic     | 4 |  4.4
Dodging        | |  2.1
Stealth        | |  2.0
Spellcasting   | |  2.0

Action                     |  1- 3 |  4- 6 || total
---------------------------+-------+-------++-------
  Melee: Unarmed           |     5 |     2 ||     7
         Kick              |     2 |       ||     2
         Peck              |     1 |       ||     1
   Cast: Foxfire           |    39 |     1 ||    40
         Scorch            |    11 |     4 ||    15
    Use: Potion            |       |     1 ||     1
 Armour: Robe              |     9 |       ||     9
  Dodge: Dodged            |    32 |    13 ||    45
